 Dungeon Sprint DCSS version 0.14-a0-3509-g488b3d4 (webtiles) character file.

7067 BluebellGnoll the Unseen (level 10, -18/46 HPs)
             Began as a Spriggan Enchanter on Mar 26, 2014.
             Was a Believer of Vehumet.
             Demolished by a tentacle (26 damage)
             ... attached to a kraken
             ... in the Dungeon (Sprint II: "The Violet Keep of Menkaure").
             The game lasted 00:14:52 (1023 turns).

BluebellGnoll the Unseen (Spriggan Enchanter)       Turns: 1023, Time: 00:14:52

HP -18/46        AC  8     Str  4      XL: 10   Next: 48%
MP  11/32        EV 27     Int 19 (21) God: Vehumet [**....]
Gold 1339        SH  0     Dex 16      Spells:  5 memorised, 14 levels left

rFire  . . .     SeeInvis +     q - +2,+4 short sword (protect)
rCold  . . .     Clarity  .     b - +1 robe
rNeg   . . .     Conserve .     (shield restricted)
rPois  .         rCorr    .     (helmet restricted)
rElec  .         rRot     .     (no cloak)
SustAb . .       Spirit   .     (gloves unavailable)
rMut   .         Warding  .     (boots unavailable)
Saprov . . .     NoTele   +     (no amulet)
MR     +....                    (no ring)
                                (no ring)

@: invisible, very slightly contaminated, bonded with blade, very quick,
somewhat resistant to hostile enchantments, incredibly stealthy
A: unfitting armour, see invisible, herbivore 3, speed 3, slow metabolism 2
a: Renounce Religion


You were in the Dungeon.
You worshipped Vehumet.
Vehumet was pleased with you.
You were not hungry.

You visited 1 branch You collected 1339 gold pieces.

Inventory:

Hand weapons
 a - a +1,+1 dagger
 q - a +2,+4 short sword of protection (weapon)
Missiles
 d - 12 darts (quivered)
Armour
 b - a +1 robe (worn)
Comestibles
 t - a bread ration
 w - a pear
Scrolls
 j - 2 scrolls of identify
 k - 2 scrolls of blinking
 y - 2 scrolls of enchant armour
Potions
 e - a potion of porridge
 f - 3 potions of curing
 g - 3 potions of heal wounds
 h - a potion of haste
 i - 6 potions of magic
 m - 6 potions of flight
 n - 5 potions of resistance
 p - a potion of brilliance
 r - a potion of agility
 v - a potion of restore abilities


   Skills:
 * Level 1.5 Fighting
 * Level 13.3 Short Blades
 - Level 1.1 Throwing
 - Level 12.4 Dodging
 - Level 20.9 Stealth
 - Level 11.2 Spellcasting
 - Level 12.2 Hexes


You had 14 spell levels left.
You knew the following spells:

 Your Spells              Type           Power        Failure   Level  Hunger
b - Ensorcelled Hibernat  Hex/Ice        ####..       1%          2    None
c - Confuse               Hex            ######..     1%          3    None
d - Sure Blade            Hex/Chrm       ####......   1%          2    None
e - Enslavement           Hex            ######..     1%          4    ##.....
f - Invisibility          Hex            ######..     8%          6    ######.


Dungeon Overview and Level Annotations

Branches:
Dungeon (1/1)

Altars:
Cheibriados
Dithmenos
Elyvilon
Fedhas
Kikubaaqudgha
Makhleb
Nemelex Xobeh
Okawaru
Sif Muna
Trog
Vehumet
Xom
Yredelemnul
Zin
The Shining One
Beogh
Jiyva
Lugonu


Innate Abilities, Weirdness & Mutations

You are tiny and cannot use many weapons and most armour.
You have supernaturally acute eyesight.
You are a herbivore.
You cover ground extremely quickly.
You need consume almost no food.


Message History

You become one with your weapon.
Tentacles burst out of the water!
Casting: Sure Blade
Confirm with . or Enter, or press ? or * to list all spells.
Aiming: Confuse
Press: ? - help, Shift-Dir - straight line, f/p - kraken
Aim: a kraken (water)
The kraken easily resists.
The kraken bites you!
Ouch! That really hurt!
* * * LOW HITPOINT WARNING * * *
The tentacle completely misses you. The tentacle misses you.
Casting: Confuse
Confirm with . or Enter, or press ? or * to list all spells.
Aiming: Invisibility
Press: ? - help, Shift-Dir - straight line, f - you, p - kraken You fade into invisibility!
You are very lightly contaminated with residual magic.
The tentacle slaps you!
Ouch! That really hurt!
You die...

.#.%#)§▓.)..()..▓▓
.##%#})▓[§([....▓▓
...####▓!.)...([▓▓
#..##(#▓.[..%().▓▓
'..#.%#▓(..[....▓▓
#%.#%%#▓.....[[.▓▓
#.(##.#▓.(......▓▓
##%..##▓▓▓▓▓▓▓w▓▓▓▓+▓
.≈≈≈≈%≈≈≈%%≈§≈..@Xw≈▓
.≈#'########§###ww≈≈▓
.≈#...._...#≈≈≈##≈≈≈▓
.≈#..._._..#§§§§####▓
≈≈#.._._._.#§≈§§≈##
≈≈#.⌠._._..#≈≈§§§§#
≈≈#.._._._.#≈§≈§§≈+
§§#..._._._#≈≈≈§§§#
§≈#...._._.#≈≈≈§≈≈▓


You could see a kraken and 4 tentacles.

Vanquished Creatures
  A great orb of eyes (D)
  2 plague shamblers (D)
  2 death drakes (D)
  A mermaid (D)
  A yaktaur (D)
  3 polar bears (D)
  2 boulder beetles (D)
  A baby alligator (D)
  2 hippogriffs (D)
  A yellow wasp (D)
  4 brain worms (D)
  A crocodile (D)
  8 big fish (D)
  A spectral worm (D)
  A spectral adder (D)
31 creatures vanquished.

Vanquished Creatures (others)
  A swamp drake (D)
  8 tentacles (D)
  20 tentacle segments (D)
29 creatures vanquished.

Grand Total: 60 creatures vanquished

Notes
Turn   | Place    | Note
--------------------------------------------------------------
     0 | D        | BluebellGnoll, the Spriggan Enchanter, began the quest for the Orb.
     0 | D        | Reached XP level 1. HP: 9/9 MP: 4/4
     1 | D        | Noticed a brain worm
     1 | D        | Noticed a brain worm
     1 | D        | Noticed a brain worm
     1 | D        | Noticed a brain worm
     7 | D        | Killed a brain worm
     7 | D        | Reached skill level 12 in Stealth
     7 | D        | Reached XP level 2. HP: 11/13 MP: 7/7
     7 | D        | Reached XP level 3. HP: 13/16 MP: 9/9
     7 | D        | Reached XP level 4. HP: 16/21 MP: 12/12
     9 | D        | Killed a brain worm
     9 | D        | Reached XP level 5. HP: 18/24 MP: 14/14
    12 | D        | Killed a brain worm
    20 | D        | Killed a brain worm
    20 | D        | Reached skill level 13 in Stealth
    20 | D        | Reached XP level 6. HP: 21/28 MP: 17/17
    26 | D        | Learned a level 2 spell: Ensorcelled Hibernation
    30 | D        | Learned a level 3 spell: Confuse
    33 | D        | Learned a level 2 spell: Sure Blade
   159 | D        | Noticed a boulder beetle
   159 | D        | Noticed a boulder beetle
   163 | D        | Killed a boulder beetle
   166 | D        | Killed a boulder beetle
   166 | D        | Reached XP level 7. HP: 32/32 MP: 16/26
   223 | D        | Learned a level 4 spell: Enslavement
   224 | D        | Noticed a hippogriff
   224 | D        | Noticed a hippogriff
   227 | D        | Killed a hippogriff
   227 | D        | Reached skill level 10 in Hexes
   230 | D        | Killed a hippogriff
   246 | D        | Noticed a mermaid
   253 | D        | Killed a mermaid
   253 | D        | Reached XP level 8. HP: 36/36 MP: 17/30
   264 | D        | Learned a level 6 spell: Invisibility
   347 | D        | Noticed an electric eel
   347 | D        | Noticed an electric eel
   347 | D        | Noticed an electric eel
   347 | D        | Noticed an electric eel
   366 | D        | Found a snail-covered altar of Cheibriados.
   366 | D        | Found a sparkling altar of Nemelex Xobeh.
   367 | D        | Found a bloodstained altar of Trog.
   367 | D        | Found a deep blue altar of Sif Muna.
   367 | D        | Found a radiant altar of Vehumet.
   367 | D        | Found a corrupted altar of Lugonu.
   368 | D        | Found a roughly hewn altar of Beogh.
   369 | D        | Noticed a crocodile
   369 | D        | Found a shadowy altar of Dithmenos.
   369 | D        | Found a basalt altar of Yredelemnul.
   369 | D        | Found a glowing silver altar of Zin.
   369 | D        | Found an ancient bone altar of Kikubaaqudgha.
   376 | D        | Killed a crocodile
   376 | D        | Reached skill level 14 in Stealth
   381 | D        | Noticed a yaktaur
   381 | D        | Noticed a yellow wasp
   381 | D        | Noticed a polar bear
   382 | D        | Noticed a polar bear
   382 | D        | Noticed a polar bear
   383 | D        | Killed a polar bear
   383 | D        | Reached skill level 5 in Dodging
   384 | D        | Killed a polar bear
   384 | D        | Reached skill level 10 in Short Blades
   384 | D        | Reached skill level 15 in Stealth
   386 | D        | Killed a yellow wasp
   387 | D        | Killed a polar bear
   387 | D        | Reached skill level 16 in Stealth
   387 | D        | Reached XP level 9. HP: 39/39 MP: 20/31
   389 | D        | Killed a yaktaur
   399 | D        | Noticed a great orb of eyes
   401 | D        | Killed a great orb of eyes
   401 | D        | Reached skill level 10 in Dodging
   401 | D        | Reached skill level 18 in Stealth
   542 | D        | Noticed a death drake
   542 | D        | Noticed a plague shambler
   543 | D        | Noticed a death drake
   543 | D        | Noticed a swamp drake
   543 | D        | Noticed a plague shambler
   544 | D        | Killed a plague shambler
   553 | D        | Killed a swamp drake
   568 | D        | Killed a death drake
   568 | D        | Reached skill level 19 in Stealth
   568 | D        | Reached XP level 10. HP: 44/44 MP: 27/32
   577 | D        | Killed a plague shambler
   577 | D        | Reached skill level 20 in Stealth
   587 | D        | Noticed a baby alligator
   596 | D        | Killed a baby alligator
   602 | D        | Killed a death drake
   616 | D        | Found a viscous altar of Jiyva.
   616 | D        | Found a glowing golden altar of the Shining One.
   616 | D        | Found a shimmering altar of Xom.
   617 | D        | Found a white marble altar of Elyvilon.
   617 | D        | Found a blossoming altar of Fedhas.
   617 | D        | Found an iron altar of Okawaru.
   618 | D        | Found a burning altar of Makhleb.
   620 | D        | Noticed a big fish
   621 | D        | Became a worshipper of Vehumet
   665 | D        | Noticed a big fish
   668 | D        | Noticed a big fish
   669 | D        | Killed a big fish
   671 | D        | Noticed a big fish
   673 | D        | Killed a big fish
   680 | D        | Noticed a kraken
   701 | D        | Killed a big fish
   701 | D        | Acquired Vehumet's first power
   701 | D        | Offered knowledge of Shock by Vehumet.
   706 | D        | Noticed a big fish
   716 | D        | Killed a big fish
   716 | D        | Reached skill level 1 in Fighting
   721 | D        | Noticed a shark
   722 | D        | Noticed a shark
   723 | D        | Noticed a big fish
   723 | D        | Noticed a big fish
   723 | D        | Noticed a shark
   726 | D        | Killed a big fish
   727 | D        | Noticed a shark
   731 | D        | Noticed a big fish
   746 | D        | Killed a big fish
   750 | D        | Killed a big fish
   858 | D        | Killed a big fish
  1023 | D        | Demolished by a tentacle

Action                   |  1- 3 |  4- 6 |  7- 9 | 10-12 || total
-------------------------+-------+-------+-------+-------++-------
Melee: Dagger            |     3 |    11 |    58 |    27 ||    99
 Cast: Sure Blade        |       |     1 |     7 |     2 ||    10
       Confuse           |       |       |     3 |     5 ||     8
       Ensorcelled Hiber |       |       |     2 |    25 ||    27
       Invisibility      |       |       |     2 |     1 ||     3
       Enslavement       |       |       |       |     1 ||     1
  Use: Potion            |     1 |       |       |       ||     1
       Scroll            |       |       |       |    12 ||    12
 Stab: Sleeping          |     2 |     2 |    11 |     8 ||    23
       Confused          |       |       |     2 |     3 ||     5
       Distracted        |       |       |       |     1 ||     1
